 Dungeon Sprint DCSS version 0.30-a0-760-g5a9884bb7c (webtiles) character file.

Game seed: 9235512353016196201

60 sircluck the Covert (level 3, -7/19 HPs)
             Began as a Spriggan Brigand on Feb 10, 2023.
             Mangled by a water elemental (17 damage)
             ... in the Dungeon (Sprint III: "The Ten Rune Challenge").
             The game lasted 00:01:36 (276 turns).

sircluck the Covert (Spriggan Brigand)               Turns: 276, Time: 00:01:37

Health: -7/19      AC:  3    Str:  7    XL:     3   Next: 82%
Magic:  4/4        EV: 17    Int: 12    God:
Gold:   10         SH:  0    Dex: 18    Spells: 2/2 levels left

rFire   . . .      SeeInvis +    a - +2 dagger
rCold   . . .      Faith    .    (no shield)
rNeg    . . .      Spirit   .    b - +0 robe
rPois   .          Reflect  .    (helmet restricted)
rElec   .          Harm     .    c - +0 cloak
rCorr   .          Rampage  .    (gloves unavailable)
Will    .....      NoTele   +    (boots unavailable)
Stlth   +++++                    (no amulet)
HPRegen 0.23/turn                (no ring)
MPRegen 0.09/turn                (no ring)

@: very quick
A: very small, no large weapons, unfitting armour, see invisible, speed 3
a: no special abilities


You were in the Dungeon.
You visited 1 branch You collected 10 gold pieces.

Inventory:

Hand Weapons
 a - a +2 dagger (weapon)
Missiles
 e - 3 curare-tipped darts (quivered)
Armour
 b - a +0 robe (worn)
 c - a +0 cloak (worn)
Scrolls
 k - a scroll of blinking
 l - 3 scrolls of identify {unknown}
 m - 2 scrolls of poison {unknown}
Potions
 f - a potion of curing
 g - a potion of heal wounds
 h - a potion of haste
 i - 2 potions of magic
 j - a potion of berserk rage
 n - 4 potions of flight
 o - a potion of attraction {unknown}


   Skills:
 + Level 2.4 Fighting
 + Level 3.3 Short Blades
 + Level 3.0 Throwing
 + Level 1.7 Dodging
 + Level 11.2 Stealth


You had 2 spell levels left.
You didn't know any spells.
Your spell library was empty.

Dungeon Overview and Level Annotations

Branches:
Dungeon (1/1)

Altars:


Innate Abilities, Weirdness & Mutations

You are very small and have problems with some larger weapons.
You are too small for most types of armour.
You have supernaturally acute eyesight. (SInv)
You cover ground extremely quickly. (Speed+++)


Message History

There is an open door to the Ecumenical Temple, spattered with blood here.
There is a fountain of clear blue water here.
You are too injured to fight recklessly!
Throw: 6 darts (poison)
Press: ? - help, Q - select action, (/) - cycle Shift-Dir - straight line, f/p - water elemental
Aim: a water elemental (73% to hit)
You throw a poisoned dart.
The poisoned dart hits the water elemental.
Throw: 5 darts (poison)
Press: ? - help, Q - select action, (/) - cycle Shift-Dir - straight line, f/p - water elemental
Aim: a water elemental (73% to hit)
You throw a poisoned dart.
The poisoned dart hits the water elemental!
Throw: 4 darts (poison)
Press: ? - help, Q - select action, (/) - cycle Shift-Dir - straight line, f/p - water elemental
Aim: a water elemental (73% to hit)
You throw a poisoned dart.
The poisoned dart hits the water elemental.
Throw: 3 darts (poison)
Press: ? - help, Q - select action, (/) - cycle Shift-Dir - straight line, f/p - water elemental
Aim: a water elemental (73% to hit)
You throw a poisoned dart.
The poisoned dart hits the water elemental!
Throw: 2 darts (poison)
Press: ? - help, Q - select action, (/) - cycle Shift-Dir - straight line, f/p - water elemental
Aim: a water elemental (73% to hit)
You throw a poisoned dart.
The poisoned dart hits the water elemental.
Throw: dart (poison)
Press: ? - help, Q - select action, (/) - cycle Shift-Dir - straight line, f/p - water elemental
Aim: a water elemental (73% to hit)
You throw a poisoned dart.
The poisoned dart hits the water elemental.
You hit the water elemental.
The water elemental is lightly damaged.
You hit the water elemental.
The water elemental is moderately damaged.
The water elemental hits you!
Ouch! That really hurt!
You die...

▓ ▓▓▓ ♣♣ ♣.# .♣
♣.# ♣♣ ♣.# ♣♣
♣.###+#+###+##
.♣♣♣♣.#..........#
(♣♣...'.⌠(.((((E@#
~~~♣♣.#...######+#
~(....#.⌠.#
~.....#...#
......#+###
......# ......#
▓▓▓▓▓▓▓


You could see a water elemental.

Vanquished Creatures
  Jessica (D)
  A human (D)
  A wolf (D)
  2 endoplasms (D)
5 creatures vanquished.

Notes
Turn   | Place    | Note
-------+----------+-------------------------------------------
     0 | D        | sircluck the Spriggan Brigand began the quest for the Orb.
     0 | D        | Reached XP level 1. HP: 10/10 MP: 2/2
     5 | D        | Reached skill level 6 in Stealth
     8 | D        | Reached skill level 7 in Stealth
    12 | D        | Noticed Jessica
    16 | D        | Killed Jessica
    17 | D        | Reached skill level 9 in Stealth
    17 | D        | Reached XP level 2. HP: 15/15 MP: 3/3
    17 | D        | Reached XP level 3. HP: 18/18 MP: 4/4
    43 | D        | Reached skill level 10 in Stealth
    80 | D        | Reached skill level 11 in Stealth
   147 | D        | Noticed a water elemental
   276 | D        | Mangled by a water elemental

Illustrated notes

Levels and vault maps discovered:
D:        dungeon_sprint_mu [sprint_mu_entry_forest, sprint_mu_temple_rooms,
          sprint_mu_d1_spiders, sprint_mu_d2_genie, sprint_mu_d3_branching,
          sprint_mu_orc_legion, sprint_mu_elf_gauntlet, sprint_mu_hive_nellie,
          sprint_mu_lair_fedhas, sprint_mu_vaults_butterflies,
          sprint_mu_slime_circle, sprint_mu_swamp_cave, sprint_mu_snake_twists,
          sprint_mu_blade_basic, sprint_mu_crypt_lich, sprint_mu_tomb_spiral,
          sprint_mu_vestibule_basic, sprint_mu_gehenna_hellfire,
          sprint_mu_dis_giant, sprint_mu_tartarus_statrot,
          sprint_mu_cocytus_islands, sprint_mu_zot1]

Skill      XL: |  1  2  3 |
---------------+----------+-----
Stealth        | 9 11 | 11.2
Fighting       | 2 |  2.4
Short Blades   | 3 |  3.3
Throwing       | 3 |  3.0
Dodging        | |  1.7

Action                     || total
---------------------------++-------
  Melee: Dagger            ||    37
  Throw: Dart              ||    14
   Stab: Sleeping          ||     4
 Armour: Robe              ||     1
  Dodge: Dodged            ||    16

Table legend: (Time is in decaauts)
 A = Elapsed time spent in this place.
 B = Non-inter-level travel time spent in this place.
 C = Inter-level travel time spent in this place.
 D = Time resting spent in this place.
 E = Time spent auto-exploring this place.
 F = Levels seen in this place.
 G = Mean time per level.
                   A        B        C        D        E       F      G
               +--------+--------+--------+--------+--------+-----+--------+
         Total |    235 |    235 |      0 |     58 |     57 |   1 |  235.0 |
       Dungeon |    235 |    235 |      0 |     58 |     57 |   1 |  235.0 |
               +--------+--------+--------+--------+--------+-----+--------+

Top non-repeatable levels by time:
       D: 235 daAuts
